 Dungeon Crawl Stone Soup version 0.29-a0-520-gc852659d43 (console) character file.

Game seed: 4397193821478727523

46 om the Digger (level 3, -1/19 HPs)
             Began as a Gargoyle Earth Elementalist on May 31, 2022.
             Slain by an orc wizard
             ... wielding a +0 dagger
              (2 damage)
             ... on level 2 of the Dungeon.
             The game lasted 00:04:05 (1852 turns).

om the Digger (Gargoyle Earth Elementalist)         Turns: 1852, Time: 00:04:06

Health: -1/19      AC:  5    Str: 10 (11) XL:     3   Next: 68%
Magic:  4/6        EV: 12    Int: 14 (15) God:
Gold:   12         SH:  0    Dex: 11 (12) Spells: 0/6 levels left

rFire   . . .      SeeInvis .   g - +0 whip
rCold   . . .      Faith    .   (no shield)
rNeg    + . .      Spirit   .   b - +0 robe
rPois   ∞          Reflect  .   (no helmet)
rElec   +          Harm     .   (no cloak)
rCorr   .          Rampage  .   (no gloves)
Will    .....                   (no boots)
Stlth   ++........              (no amulet)
HPRegen 0.06/turn               (no ring)
MPRegen 0.10/turn               (no ring)

@: no status effects
A: sickness immunity, AC +3, negative energy resistance 1, electricity
resistance, torment resistance 1, petrification resistance
a: no special abilities


You were on level 2 of the Dungeon.
You visited 1 branch of the dungeon, and saw 2 of its levels.

You collected 54 gold pieces.
You spent 42 gold pieces at shops.

Inventory:

Hand Weapons
 g - a +0 whip (weapon)
Missiles
 a - 12 stones
Armour
 b - a +0 robe (worn)
Scrolls
 d - a scroll of teleportation
 i - a scroll of identify {unknown}
Potions
 c - 2 potions of magic
 e - 2 potions of degeneration
 h - a potion of brilliance {unknown}
 j - a potion of mutation {unknown}
 k - a potion of curing {unknown}


   Skills:
 + Level 2.0 Dodging
 + Level 2.8 Stealth
 + Level 2.4 Spellcasting
 + Level 1.3 Transmutations
 + Level 4.0 Earth Magic


You couldn't memorise any spells.
You knew the following spells:

 Your Spells              Type           Power      Damage    Failure   Level
a - Sandblast             Erth           26%        2d8       4%          1
b - Passwall              Tmut/Erth      7%         N/A       12%         2
c - Stone Arrow           Conj/Erth      14%        3d7       30%         3

Your spell library contained the following spells:

 Spells                   Type           Power      Damage    Failure   Level
 Petrify                  Tmut/Erth      9%         N/A       58%         4


Dungeon Overview and Level Annotations

Branches:
Dungeon (2/15)

Altars:

Shops:
D:2 ?


Innate Abilities, Weirdness & Mutations

You are immune to sickness and miasma.
Your stone body is resilient. (AC +3)
You are immune to poison.
You resist negative energy. (rN+)
You are resistant to electric shocks. (rElec)
You are resistant to unholy torment.
You are immune to petrification.


Message History

The orc wizard attacks as you move away!
The orc wizard barely misses you.
The orc wizard attacks as you move away!
The orc wizard barely misses you. The orc attacks as you move away!
The orc hits you with a +0 club.
Your magical contamination has completely faded away.
The orc attacks as you move away! The orc closely misses you.
The orc attacks as you move away! The orc hits you with a +0 club.
Aiming: Sandblast (safe; 4% risk of failure)
Press: ? - help, Q - select action, (/) - cycle Shift-Dir - straight line, f/p - orc
Aim: an orc, wielding a +0 club (severely wounded, 79% to hit)
The blast of sand hits the orc wizard but does no damage.
The orc wizard hits you with a +0 dagger.
The orc wizard mumbles some strange words.
The orc wizard flickers and vanishes!
Deactivating autopickup; reactivate with Ctrl-A.
Aiming: Sandblast (safe; 4% risk of failure)
Press: ? - help, Q - select action, (/) - cycle Shift-Dir - straight line, f/p - orc
Aim: an orc, wielding a +0 club (heavily wounded, 79% to hit)
The blast of sand hits the orc wizard!
The orc wizard is severely wounded.
The orc wizard points at you and mumbles some strange words.
You are confused.
You bump into the rock wall.
The orc wizard hits you with a +0 dagger.
You closely miss the orc wizard.
The orc wizard is severely wounded.
The orc wizard casts a spell.
The orc wizard flickers and vanishes!
You barely miss something. Something hits you but does no damage.
You bump into the rock wall.
Something hits you.
* * * LOW HITPOINT WARNING * * *
It was a potion of degeneration.
There was something very wrong with that liquid.
You feel weakened.
You feel dopey.
You feel clumsy.
You feel less confused. Something hits you.
* * * LOW HITPOINT WARNING * * *
It was a potion of cancellation.
You feel magically purged. Something hits you.
You die...

#........##.......#
#......#.#######.##
#........# #.#
#....#.∩.# #.#
#........#
###.#####
#......#.#
#.......#
#........##
#.......#
#.........#
#.......######
#.........#
###+####.†...#
#.........# #.#
#.....# #.........#
#@# #.....#
##.......## #{#
#.....# ##'#####.#
#o####.....#
....§§§#.#
#{K........#
...^#§.#
#..........#
....§§§#
#..........#
.[..####
#..........# ##...
#.####.....# #.###
#'# ####### #.# ...
#.# .....


You could see an orc and a kobold.

Vanquished Creatures
  An adder (D:2)
  A dart slug (D:2)
  4 endoplasms
  A giant cockroach (D:1)
  3 goblins (D:1)
  A hobgoblin (D:1)
  3 jackals (D:1)
  2 quokkas
  4 ball pythons
  3 bats
  2 frilled lizards
  4 kobolds
  4 rats
33 creatures vanquished.

Vanquished Creatures (others)
  A plant (D:1)
1 creature vanquished.

Grand Total: 34 creatures vanquished

Notes
Turn   | Place    | Note
-------+----------+-------------------------------------------
     0 | D:1      | om the Gargoyle Earth Elementalist began the quest for the
                  | Orb.
     0 | D:1      | Reached XP level 1. HP: 10/10 MP: 3/3
   135 | D:1      | Reached skill level 1 in Transmutations
   135 | D:1      | Reached XP level 2. HP: 15/15 MP: 1/5
   951 | D:1      | Found a faded altar of an unknown god.
  1202 | D:1      | Reached XP level 3. HP: 18/19 MP: 6/6
  1344 | D:2      | Found Vyelazei's Magic Scroll Emporium.
  1351 | D:2      | Learned a level 2 spell: Passwall
  1355 | D:2      | Learned a level 3 spell: Stone Arrow
  1385 | D:2      | Bought a scroll of teleportation for 42 gold pieces
  1402 | D:2      | Reached skill level 4 in Earth Magic
  1852 | D:2      | Slain by an orc wizard

Illustrated notes

Levels and vault maps discovered:
D:1:      onia_arrival_pentagram, layout_basic,
          shapermc_ecumenical_altar_mp_ritualfount
D:2:      layout_basic, serial_shops, nicolae_shop_stone,
          chequers_serial_rivers_small_a

Skill      XL: |  1  2  3 |
---------------+----------+-----
Transmutations | 1 |  1.3
Earth Magic    | 4 |  4.0
Dodging        | 2 |  2.0
Stealth        | |  2.8
Spellcasting   | |  2.4

Action                   || total
-------------------------++-------
Melee: Unarmed           ||     4
       Club              ||    14
       Whip              ||    20
       Punch             ||     1
 Cast: Sandblast         ||    36
  Use: Scroll            ||     2
       Potion            ||     2
 Stab: Sleeping          ||     1
Armor: Robe              ||    26
Dodge: Dodged            ||    51

Table legend: (Time is in decaauts)
 A = Elapsed time spent in this place.
 B = Non-inter-level travel time spent in this place.
 C = Inter-level travel time spent in this place.
 D = Time resting spent in this place.
 E = Time spent auto-exploring this place.
 F = Levels seen in this place.
 G = Mean time per level.
                   A        B        C        D        E       F      G
               +--------+--------+--------+--------+--------+-----+--------+
         Total |   1857 |   1812 |     45 |    770 |    771 |   2 |  928.5 |
       Dungeon |   1857 |   1812 |     45 |    770 |    771 |   2 |  928.5 |
               +--------+--------+--------+--------+--------+-----+--------+

Top non-repeatable levels by time:
     D:1: 1317 daAuts
     D:2: 539 daAuts
